 Dungeon Crawl Stone Soup version 0.27.0-1-g7a089689b8 (webtiles) character file.

Game seed: 5093090024288010313

583 horus123 the Slasher (level 7, -9/52 HPs)
             Began as a Merfolk Gladiator on Aug 8, 2021.
             Mangled by a wyvern skeleton (11 damage)
             ... on level 4 of the Dungeon.
             The game lasted 00:12:30 (4032 turns).

horus123 the Slasher (Merfolk Gladiator)            Turns: 4032, Time: 00:12:30

Health: -9/52      AC:  6    Str: 11 (14) XL:     7   Next: 37%
Magic:  7/7        EV: 14    Int:  5 (8)  God:
Gold:   149        SH:  0    Dex: 15 (17) Spells: 6/6 levels left

rFire    . . .     SeeInvis +   a - +1 long sword
rCold    . . .     Faith    +   (no shield)
rNeg     . . .     Spirit   .   b - +0 leather armour
rPois    .         Reflect  .   c - +1 helmet
rElec    .         Harm     .   d - +0 cloak
rCorr    .         Rampage  .   (no gloves)
Will     .....                  (no boots)
Stlth    +.........             e - amulet of faith
HPRegen  0.17/turn              f - ring of see invisible
MPRegen  0.10/turn              (no ring)

@: attractive
A: (nimble swimmer 2), mertail
a: no special abilities


You were on level 4 of the Dungeon.
You visited 1 branch of the dungeon, and saw 4 of its levels.

You collected 149 gold pieces.

Inventory:

Hand Weapons
 a - a +1 long sword (weapon)
Missiles
 l - 18 poisoned darts (quivered)
Armour
 b - a +0 leather armour (worn)
 c - a +1 helmet (worn)
 d - a +0 cloak (worn)
Jewellery
 e - an amulet of faith (around neck)
 f - a ring of see invisible (left hand)
 i - a ring of magical power
Potions
 g - a potion of brilliance
 j - a potion of attraction


   Skills:
 + Level 3.5 Fighting
 * Level 7.3 Long Blades
 + Level 2.2 Throwing
 + Level 1.4 Armour
 * Level 5.5 Dodging
 + Level 0.6 Stealth


You had 6 spell levels left.
You didn't know any spells.
Your spell library contained the following spells:

 Spells                   Type           Power      Damage    Failure   Level
 Foxfire                  Conj/Fire      0%         2x1d4     56%         1
 Conjure Flame            Conj/Fire      0%         6-21      91%         3
 Inner Flame              Hex/Fire       0%         N/A       91%         3


Dungeon Overview and Level Annotations

Branches:
Dungeon (4/15)
 Temple: D:4-7

Altars:
Sif Muna

Annotations:
D:3 Sigmund
D:4 Edmund


Innate Abilities, Weirdness & Mutations

((You are quick and stealthy near water. (Stealth+, EV+, Speed+++)))
Your lower body shifts to a powerful aquatic tail in water.


Message History

Throw: 19 darts (poison)
Press: ? - help, Q - select action Shift-Dir - straight line, f/p - Edmund
Aim: Edmund, wielding a +3 flail of protection and wearing a +0 chain mail (69% to hit)
You throw a poisoned dart. The poisoned dart hits Edmund.
Edmund is poisoned.
Edmund hits you with a +3 flail of protection.
* * * LOW HITPOINT WARNING * * *
There are monsters nearby!
It was a potion of attraction.
You feel attractive to monsters.
Edmund hits you with a +3 flail of protection!
* * * LOW HITPOINT WARNING * * *
Unknown command.
It was a potion of degeneration.
There was something very wrong with that liquid.
You feel weakened.
You feel dopey.
You feel clumsy. Edmund barely misses you.
Edmund looks more healthy.
The wyvern skeleton is pulled toward you!
The wyvern skeleton is pulled toward you!
The wyvern skeleton is pulled toward you!
Edmund hits you with a +3 flail of protection.
* * * LOW HITPOINT WARNING * * *
There is a stone staircase leading up, spattered with blood here.
The wyvern skeleton bites you.
* * * LOW HITPOINT WARNING * * *
Edmund misses you.
You climb upwards.
Level annotation: Sigmund Sigmund gestures wildly while chanting.
Sigmund flickers and vanishes for a moment.
Sigmund is pulled toward you!
There is a stone staircase leading down here.
Edmund closely misses you. Sigmund closely misses you.
You climb downwards.
The wyvern skeleton closely misses you. x2
There is a stone staircase leading up, spattered with blood here.
The wyvern skeleton barely misses you.
You riposte.
You hit the wyvern skeleton but do no damage.
The wyvern skeleton is severely damaged.
The wyvern skeleton bites you!
You die...

.####.##.#
#.######.#.## #.#
...##....#
#.......###.# #.#
.#.#######
##.######.#..# #.#
>#.# #..#
##.#.###.# ...#
#..# #....##.# ...#
#..# ####.......#
...# #..#
#.......####
...#############..#
#.####.##
..............@.@.#
#.# #.#
.#.############Z..#
#(# #.#####
.#.....###### #...#
##.## #...>..
######......# #...#
#...# #.#####
######.#
#.).###.#.###.#
#.###.......#...#.#
###
#.......#.#####...#
#..
#####.###...#...###
#.. #.# ###.#.###
#..


You could see Edmund and a wyvern skeleton.

Vanquished Creatures
  A black bear (D:4)
  A necrophage (D:4)
  A howler monkey (D:4)
  A hound (D:4)
  2 iguanas
  Natasha (D:2)
  A hound skeleton (D:4)
  9 adders
  2 worms (D:3)
  3 dart slugs
  3 orcs
  6 endoplasms
  2 giant cockroaches
  7 goblins
  9 hobgoblins
  6 jackals (D:2)
  7 kobolds
  2 quokkas
  2 ball pythons
  6 bats
  3 frilled lizards
  2 rats
77 creatures vanquished.

Vanquished Creatures (collateral kills)
  Menkaure (D:4)
  An adder skeleton (D:4)
2 creatures vanquished.

Grand Total: 79 creatures vanquished

Notes
Turn   | Place    | Note
-------+----------+-------------------------------------------
     0 | D:1      | horus123 the Merfolk Gladiator began the quest for the Orb.
     0 | D:1      | Reached XP level 1. HP: 16/16 MP: 1/1
   206 | D:1      | Found a faded altar of an unknown god.
   230 | D:1      | Reached XP level 2. HP: 21/22 MP: 2/2
   833 | D:2      | Reached XP level 3. HP: 28/28 MP: 3/3
  1155 | D:2      | Reached skill level 4 in Long Blades
  1491 | D:2      | Reached XP level 4. HP: 34/34 MP: 4/4
  1724 | D:2      | Noticed Natasha
  1730 | D:2      | Killed Natasha
  1970 | D:3      | Reached XP level 5. HP: 40/40 MP: 5/5
  1993 | D:3      | Reached skill level 5 in Long Blades
  2828 | D:3      | Noticed Sigmund
  3025 | D:4      | Noticed a necrophage
  3039 | D:4      | Killed a necrophage
  3040 | D:4      | Reached skill level 6 in Long Blades
  3040 | D:4      | Reached skill level 1 in Armour
  3040 | D:4      | Reached skill level 5 in Dodging
  3040 | D:4      | Reached XP level 6. HP: 46/47 MP: 6/6
  3075 | D:4      | Identified the +3 whip of the Vanishing Wars {freeze, rF+
                  | Dex+2}
  3124 | D:4      | Noticed a black bear
  3148 | D:4      | Killed a black bear
  3343 | D:4      | Reached XP level 7. HP: 21/52 MP: 7/7
  3601 | D:4      | Reached skill level 7 in Long Blades
  3784 | D:4      | Noticed Menkaure
  3793 | D:4      | Killed Menkaure
  3808 | D:4      | Found a shimmering blue altar of Sif Muna.
  3991 | D:4      | Noticed Edmund
  4027 | D:4      | HP: 1/52 [wyvern skeleton (2)]
  4032 | D:4      | Mangled by a wyvern skeleton

Illustrated notes

Levels and vault maps discovered:
D:1:      mrwooster_arrival_statue_2, layout_rooms,
          ebering_ecumenical_altar_mist, minmay_hedge_maze
D:2:      layout_basic, uniq_natasha
D:3:      layout_loops_ring, st_stairs_2, uniq_purgy, uniq_crazy_yiuf_cottage,
          uniq_sigmund
D:4:      layout_loops_ring, marbit_many_paths, patterned_corridor, uniq_edmund,
          uniq_menkaure

Skill      XL: |  1  2  3  4  5  6  7 |
---------------+----------------------+-----
Long Blades    | 4 6 7 |  7.3
Fighting       | 3 |  3.5
Armour         | 1 |  1.4
Dodging        | 5 |  5.5
Throwing       | |  2.2
Stealth        | |  0.6

Action                   |  1- 3 |  4- 6 |  7- 9 || total
-------------------------+-------+-------+-------++-------
Melee: Long sword        |    84 |   146 |    29 ||   259
Throw: Throwing net      |       |     3 |       ||     3
       Dart              |       |     3 |     3 ||     6
  Use: Scroll            |     5 |     4 |     3 ||    12
       Potion            |       |       |     2 ||     2
 Stab: Sleeping          |     1 |     1 |       ||     2
       Distracted        |     1 |       |       ||     1
Armor: Leather armour    |    28 |    36 |    14 ||    78
Dodge: Dodged            |    73 |   108 |    22 ||   203
       Rpst.: Long sword |    18 |    30 |     4 ||    52
